 Dungeon Sprint DCSS version 0.26.1-11-gd32895ea62 (webtiles) character file.

Game seed: 17747866942864790413

9356 Zeld the Peltast (level 11, -11/77 HPs)
             Began as a Hill Orc Artificer on June 10, 2021.
             Was a High Priest of Nemelex Xobeh.
             Shot with a bolt by a yaktaur captain (16 damage)
             ... in the Dungeon (Sprint V: "Ziggurat Sprint").
             The game lasted 00:09:15 (2791 turns).

Zeld the Peltast (Hill Orc Artificer)               Turns: 2791, Time: 00:09:16

Health: -11/77     AC: 21    Str: 31    XL:     11   Next: 45%
Magic:  21/21      EV:  3    Int: 11    God:    Nemelex Xobeh [*****.]
Gold:   0          SH: 25    Dex: 11    Spells: 10/10 levels left

rFire    . . .     SeeInvis .   m - +5 demon whip (venom)
rCold    . . .     Faith    .   a - +3 tower shield
rNeg     . . .     Spirit   .   l - +5 crystal plate armour
rPois    .         Reflect  .   (no helmet)
rElec    .         Harm     .   v - +0 cloak
rCorr    .         Rampage  .   (no gloves)
Will     .....     NoTele   +   (no boots)
Stlth    ..........             (no amulet)
HPRegen  0.22/turn              A - +6 ring of strength
MPRegen  0.17/turn              B - +6 ring of strength

@: no status effects
A: no striking features
a: Renounce Religion, Draw Escape, Draw Destruction, Draw Summoning, Triple
Draw, Deal Four, Stack Five


You were in the Dungeon.
You worshipped Nemelex Xobeh.
Nemelex Xobeh was extremely pleased with you.
You visited 1 branch

Inventory:

Hand Weapons
 m - a +5 demon whip of venom (weapon)
Armour
 a - a +3 tower shield (worn)
 l - a +5 crystal plate armour (worn)
 v - a +0 cloak (worn)
Jewellery
 A - a +6 ring of strength (left hand)
 B - a +6 ring of strength (right hand)
Wands
 c - a wand of flame (15)
 d - a wand of enslavement (15)
 e - a wand of random effects (15)
 x - a wand of disintegration (7)
 y - a wand of iceblast (7)
 z - a wand of acid (7)
Scrolls
 b - 4 scrolls of amnesia
 k - 4 scrolls of blinking
 n - 7 scrolls of fog
 o - a scroll of holy word
 p - 5 scrolls of identify
 q - 5 scrolls of remove curse
 r - 2 scrolls of fear
 I - a scroll of brand weapon
Potions
 f - 10 potions of curing
 g - 10 potions of heal wounds
 h - 6 potions of haste
 i - 7 potions of magic
 j - 3 potions of berserk rage
 s - 3 potions of brilliance
 t - 2 potions of invisibility
 u - 4 potions of resistance
 w - 5 potions of might
Miscellaneous
 C - a lightning rod (4/4)
 D - a tin of tremorstones (2/2)
 E - a condenser vane
 F - a phial of floods
 G - a box of beasts
 H - a phantom mirror


   Skills:
 - Level 1.2 Fighting
 * Level 16.6 Maces & Flails
 - Level 2.1 Armour
 - Level 0.7 Dodging
 - Level 0.7 Stealth
 * Level 16.6 Shields
 + Level 14.2 Invocations
 + Level 11.8 Evocations


You had 10 spell levels left.
You didn't know any spells.
Your spell library was empty.

Dungeon Overview and Level Annotations

Branches:
Dungeon (1/1)

Altars:
Ashenzari
Cheibriados
Dithmenos
Elyvilon
Fedhas
Gozag
Hepliaklqana
Kikubaaqudgha
Makhleb
Nemelex Xobeh
Okawaru
Qazlal
Ru
Sif Muna
Trog
Uskayaw
Vehumet
Wu Jian
Xom
Yredelemnul
Zin
The Shining One
Beogh
Jiyva
Lugonu


Message History

Your -2 quarterstaff "Xitiam" {elec, +Fly rPois rC+++ Will-} hits the vault guard.
Lightning courses through the vault guard!!
Your +2 executioner's axe of Dissent {drain, rF- rC++ Dex+3} barely misses the vault guard.
Things that are here:
a cursed +0 war axe; a +0 plate armour; a human corpse You swap places.
The stone giant hits your +2 executioner's axe of Dissent {drain, rF- rC++ Dex+3}!
The vault guard barely misses your -2 quarterstaff "Xitiam" {elec, +Fly rPois rC+++ Will-}.
Your -2 quarterstaff "Xitiam" {elec, +Fly rPois rC+++ Will-} hits the vault guard.
The yaktaur captain is no longer moving slowly.
Your -2 quarterstaff "Xitiam" {elec, +Fly rPois rC+++ Will-} hits the vault guard!
The vault guard dies!
The stone giant closely misses your +2 executioner's axe of Dissent {drain, rF- rC++ Dex+3}.
The vault guard hits your +2 executioner's axe of Dissent {drain, rF- rC++ Dex+3} with a +0 great mace!
The yaktaur captain unwields a +3 halberd of distortion.
Its appearance distorts for a moment.
The yaktaur captain wields a +0 arbalest.
The yaktaur captain shoots a bolt.
The bolt hits you!
You die...
Your body glows with a rainbow of weird colours and disappears.

▓..=|:=|.
▓...}.}[..▓...)))).
▓.........▓...÷....
▓....)....▓........
▓.........▓÷...÷÷..
▓.........▓........
▓..(.c....▓........
▓.▓.)p..▓.▓........
▓.@.(Cc...▓....©...
▓▓▓▓▓▓▓▓▓▓▓▓▓▓▓▓▓▓▓


You could see a stone giant, a yaktaur captain, a vault guard (misshapen,
drained), a yaktaur (drained) and 2 friendly dancing weapons.

Vanquished Creatures
  4 vault guards (D)
  2 naga magi (D)
  2 black mambas (D)
  3 cane toads (D)
  2 yaktaurs (D)
  A rime drake (D)
  A komodo dragon (D)
  A blink frog (D)
  4 yaks (D)
  A spriggan (D)
  Sigmund (D)
  A basilisk (D)
  A wyvern (D)
  A naga (D)
  4 water moccasins (D)
  4 orc warriors (D)
  A black bear (D)
  2 wolves (D)
  Blork the orc (D)
  3 bullfrogs (D)
  2 scorpions (D)
  2 crimson imps (D)
  3 orc priests (D)
  Crazy Yiuf (D)
  3 orc wizards (D)
  Jessica (D)
  2 iguanas (D)
  3 adders (D)
  3 river rats (D)
  4 orcs (D)
  A ball python (D)
  A jackal (D)
66 creatures vanquished.

Vanquished Creatures (collateral kills)
  A vault guard (D)
  A worldbinder (D)
  A spriggan (D)
  An iron imp (D)
  A giant cockroach zombie (D)
5 creatures vanquished.

Grand Total: 71 creatures vanquished

Notes
Turn   | Place    | Note
-------+----------+-------------------------------------------
     0 | D        | Zeld the Hill Orc Artificer began the quest for the Orb.
     0 | D        | Reached XP level 1. HP: 16/16 MP: 1/1
     0 | D        | Banished a spatial maelstrom
     5 | D        | Found a blossoming altar of Fedhas.
     6 | D        | Found the +6 Majin-Bo {vamp, MP+6 Int+6}
     6 | D        | Found the +9 heavy crossbow "Sniper" {vorpal, Acc+∞ SInv}
     6 | D        | Found the +10 dark maul {vorpal}
     6 | D        | Found the +15 Maxwell's patent armour {-Cast -Tele rElec
                  | Will+ rCorr}
     6 | D        | Found the +18 shield of the Gong {rElec rN+ Will+ EV-5}
     6 | D        | Found the cursed +14 obsidian axe {vorpal, +Fly SInv
                  | *Curse}
     6 | D        | Found the +7 great mace "Firestarter" {inner flame, rF++}
     6 | D        | Found the +6 shillelagh "Devastator" {shatter}
     6 | D        | Found the +11 plutonium sword {*Contam Stlth-}
     6 | D        | Found the +8 lance "Wyrmbane" {slay drac, rPois rF+ rC+
                  | AC+3}
     6 | D        | Found the +9 sword of Zonguldrok {reap}
     6 | D        | Found the cursed +13 scythe of Curses {drain, *Curse}
     6 | D        | Found the +5 sword of Power {vorpal}
     6 | D        | Found the +7 mace of Variability {chain chaos}
     6 | D        | Found the +7 Singing Sword {vorpal, sonic wave}
     6 | D        | Found the +8 storm bow {elec, penet}
     6 | D        | Found a viscous altar of Jiyva.
     6 | D        | Found a hazy altar of Hepliaklqana.
     6 | D        | Found a transporter.
     6 | D        | Found an opulent altar of Gozag.
     6 | D        | Found an ancient bone altar of Kikubaaqudgha.
     6 | D        | Found a corrupted altar of Lugonu.
    52 | D        | Found a burning altar of Makhleb.
    54 | D        | Found a sacrificial altar of Ru.
    54 | D        | Found a stormy altar of Qazlal.
    54 | D        | Found a shimmering blue altar of Sif Muna.
    54 | D        | Found an iron altar of Okawaru.
    54 | D        | Found a bloodstained altar of Trog.
    54 | D        | Found a sparkling altar of Nemelex Xobeh.
    86 | D        | Became a worshipper of Nemelex Xobeh the Trickster
    87 | D        | Reached XP level 2. HP: 23/23 MP: 1/4
   164 | D        | Entered arena 2.
   164 | D        | Noticed a scorpion
   164 | D        | Noticed a scorpion
   164 | D        | Found a transporter.
   166 | D        | Killed a scorpion
   167 | D        | Reached skill level 5 in Maces & Flails
   167 | D        | Reached skill level 5 in Shields
   167 | D        | Reached XP level 3. HP: 28/28 MP: 4/6
   167 | D        | Reached XP level 4. HP: 35/35 MP: 4/7
   168 | D        | Reached skill level 5 in Invocations
   168 | D        | Reached skill level 5 in Evocations
   348 | D        | Entered arena 3.
   348 | D        | Noticed a spriggan
   348 | D        | Noticed a black bear
   348 | D        | Noticed a spriggan
   348 | D        | Found a transporter.
   350 | D        | Killed a black bear
   351 | D        | Reached XP level 5. HP: 40/40 MP: 9/9
   353 | D        | Killed a spriggan
   354 | D        | Reached XP level 6. HP: 45/47 MP: 9/11
   357 | D        | Killed a spriggan
   358 | D        | Reached XP level 7. HP: 50/52 MP: 9/12
   530 | D        | Entered arena 4.
   530 | D        | Reached * piety under Nemelex Xobeh
   530 | D        | Found a transporter.
   535 | D        | Reached skill level 10 in Maces & Flails
   542 | D        | Got the amulet of Hutudd {Acrobat Slay+3}
   789 | D        | Entered arena 5.
   789 | D        | Noticed Sigmund
   789 | D        | Noticed Jessica
   789 | D        | Noticed Blork the orc
   789 | D        | Noticed Crazy Yiuf
   789 | D        | Received a gift from Nemelex Xobeh
   789 | D        | Found a transporter.
   791 | D        | Killed Jessica
   791 | D        | Killed Crazy Yiuf
   792 | D        | Reached skill level 10 in Shields
   794 | D        | Killed Blork the orc
   795 | D        | Killed Sigmund
   796 | D        | Reached XP level 8. HP: 52/59 MP: 14/14
  1012 | D        | Got the ring of Ehoqaac {rElec Dex+2 Stlth-}
  1112 | D        | Entered arena 6.
  1112 | D        | Noticed a yak
  1112 | D        | Reached ** piety under Nemelex Xobeh
  1112 | D        | Received a gift from Nemelex Xobeh
  1112 | D        | Found a transporter.
  1115 | D        | Killed a yak
  1279 | D        | Entered arena 7.
  1279 | D        | Noticed a worldbinder
  1279 | D        | Noticed a raiju
  1280 | D        | Noticed a wraith
  1280 | D        | Noticed a wraith
  1281 | D        | Noticed a wraith
  1283 | D        | Noticed a yak
  1283 | D        | a raiju changed into a yak
  1284 | D        | Killed a yak
  1289 | D        | Noticed a wraith
  1289 | D        | Killed a worldbinder
  1290 | D        | Reached skill level 10 in Invocations
  1388 | D        | Found a transporter.
  1458 | D        | Entered arena 8.
  1458 | D        | Reached *** piety under Nemelex Xobeh
  1458 | D        | Received a gift from Nemelex Xobeh
  1459 | D        | Found a transporter.
  1474 | D        | Reached XP level 9. HP: 44/64 MP: 16/16
  1710 | D        | Entered arena 9.
  1710 | D        | Noticed a naga mage
  1710 | D        | Noticed a black mamba
  1710 | D        | Noticed a naga mage
  1710 | D        | Noticed a black mamba
  1710 | D        | Reached **** piety under Nemelex Xobeh
  1711 | D        | Killed a black mamba
  1711 | D        | Killed a black mamba
  1711 | D        | Killed a naga mage
  1711 | D        | Killed a naga mage
  1712 | D        | Found a transporter.
  1726 | D        | Reached XP level 10. HP: 71/71 MP: 18/18
  2023 | D        | Entered arena 10.
  2023 | D        | Received a gift from Nemelex Xobeh
  2023 | D        | Received a gift from Nemelex Xobeh
  2024 | D        | Found a transporter.
  2039 | D        | Reached skill level 10 in Evocations
  2335 | D        | Entered arena 11.
  2335 | D        | Noticed a cane toad
  2335 | D        | Reached ***** piety under Nemelex Xobeh
  2335 | D        | Received a gift from Nemelex Xobeh
  2336 | D        | Found the +10 morningstar "Eos" {elec, Halo rElec}
  2338 | D        | Killed a cane toad
  2348 | D        | Found a transporter.
  2488 | D        | Entered arena 12.
  2488 | D        | Noticed a cane toad
  2488 | D        | Noticed a cane toad
  2488 | D        | Received a gift from Nemelex Xobeh
  2489 | D        | Found the +7 Spriggan's Knife {stab, EV+4 Stlth+}
  2489 | D        | Found the +8 glaive of the Guard {elec, spectral, AC+5}
  2491 | D        | Killed a cane toad
  2491 | D        | Killed a cane toad
  2492 | D        | Reached skill level 15 in Maces & Flails
  2492 | D        | Reached skill level 15 in Shields
  2500 | D        | Found a transporter.
  2770 | D        | Entered arena 13.
  2770 | D        | Noticed a vault guard
  2770 | D        | Noticed a vault guard
  2770 | D        | Noticed a stone giant
  2770 | D        | Noticed a vault guard
  2771 | D        | Found the +2 hat of the Bear Spirit {Spirit, +Rage rN+
                  | Will++}
  2771 | D        | Noticed a vault guard
  2771 | D        | Noticed a vault guard
  2771 | D        | Noticed a vault guard
  2773 | D        | Noticed a yaktaur captain
  2773 | D        | Identified the amulet of Jealousy {Acrobat +Blink rPois
                  | Will+ Dex+2}
  2775 | D        | Killed a vault guard
  2776 | D        | Reached XP level 11. HP: 77/77 MP: 11/21
  2779 | D        | Killed a vault guard
  2783 | D        | Killed a vault guard
  2785 | D        | Killed a vault guard
  2787 | D        | Identified the -2 quarterstaff "Xitiam" {elec, +Fly rPois
                  | rC+++ Will-}
  2788 | D        | Identified the +2 executioner's axe of Dissent {drain, rF-
                  | rC++ Dex+3}
  2791 | D        | Killed a vault guard
  2791 | D        | Shot with a bolt by a yaktaur captain

Illustrated notes

Levels and vault maps discovered:
D:        sprint_v [room_start, room_1, room_2, room_3, room_4, room_5, room_6,
          room_7, room_8, room_9, room_10, room_11, room_12, room_13, room_14,
          room_15, room_16, room_17, room_18, room_19, room_20, room_21,
          room_22, room_23, room_24, room_25, room_26, room_27]

Skill      XL: |  1  2  3  4  5  6  7  8  9 10 11 |
---------------+----------------------------------+-----
Maces & Flails | 4 5 7 8 9 10 12 13 15 16 | 16.6
Shields        | 4 5 7 8 9 10 12 13 15 16 | 16.6
Invocations    | 3 4 6 7 9 10 11 13 14 | 14.2
Evocations     | 4 5 6 7 8 9 11 | 11.8
Fighting       | |  1.2
Armour         | |  2.1
Dodging        | |  0.7
Stealth        | |  0.7

Action                   |  1- 3 |  4- 6 |  7- 9 | 10-12 || total
-------------------------+-------+-------+-------+-------++-------
Melee: Demon whip        |       |     4 |    51 |    43 ||    98
Invok: Draw Destruction  |       |       |     4 |    11 ||    15
       Draw Summoning    |       |       |     2 |     2 ||     4
       Deal Four         |       |       |       |     1 ||     1
       Draw Escape       |       |       |       |     1 ||     1
Evoke: Lightning rod     |     2 |     5 |    11 |       ||    18
       Box of beasts     |       |     1 |       |       ||     1
  Use: Potion            |     1 |       |       |       ||     1
       Scroll            |       |       |       |     1 ||     1
Armor: Crystal plate arm |       |     2 |     9 |    14 ||    25
Dodge: Dodged            |       |       |     2 |     3 ||     5
Block: Tower shield      |     1 |     6 |    33 |    61 ||   101
